 Dungeon Crawl Stone Soup version 0.29.0-15-g675c0067aa (webtiles) character file.

Game seed: 3915663409729227754

188 EvilAshe the Firebug (level 5, -1/42 HPs)
             Began as a Naga Fire Elementalist on Sept 11, 2022.
             Killed from afar by Natasha (20 damage)
             ... with a bolt of dispelling energy
             ... on level 3 of the Dungeon.
             The game lasted 00:09:53 (3940 turns).

EvilAshe the Firebug (Naga Fire Elementalist)       Turns: 3940, Time: 00:09:54

Health: -1/42      AC:  2    Str: 10    XL:     5   Next: 67%
Magic:  7/9        EV: 10    Int: 17    God:
Gold:   102        SH:  0    Dex: 12    Spells: 6/9 levels left

rFire   . . .      SeeInvis +   l - staff of poison
rCold   . . .      Faith    .   (no shield)
rNeg    . . .      Spirit   .   a - +0 robe
rPois   +          Reflect  .   (no helmet)
rElec   .          Harm     .   (no cloak)
rCorr   .          Rampage  .   (no gloves)
Will    .....                   (no barding)
Stlth   ++........              (no amulet)
HPRegen 0.14/turn               (no ring)
MPRegen 0.11/turn               (no ring)

@: short of breath, very slow
A: AC +1, large, see invisible, deformed body, poison resistance, slowness 2,
spit poison 1, naga tail 1
a: Spit Poison


You were on level 3 of the Dungeon.
You visited 1 branch of the dungeon, and saw 3 of its levels.

You collected 102 gold pieces.

Inventory:

Armour
 a - a +0 robe (worn)
Magical Staves
 l - a staff of poison (weapon)
Jewellery
 c - a ring of ice
 d - a ring of magical power
 e - a +6 ring of dexterity
 i - a ring of ice
Scrolls
 g - 4 scrolls of identify {unknown}
 j - 2 scrolls of noise {unknown}
 k - 2 scrolls of teleportation {unknown}
Potions
 b - 2 potions of magic
 f - 4 potions of curing
 h - a potion of might
 m - a potion of ambrosia {unknown}


   Skills:
 + Level 2.5 Dodging
 - Level 3.9 Stealth
 + Level 2.9 Spellcasting
 + Level 2.3 Conjurations
 * Level 4.2 Fire Magic


You had 6 spell levels left.
You knew the following spells:

 Your Spells              Type           Power      Damage    Failure   Level
a - Foxfire               Conj/Fire      52%        2x1d6     4%          1
b - Scorch                Fire           32%        2d7       4%          2

Your spell library contained the following spells:

 Spells                   Type           Power      Damage    Failure   Level
 Conjure Flame            Conj/Fire      13%        6-21      14%         3
 Apportation              Tloc           4%         N/A       19%         1
 Necrotise                Necr           8%         1d4       19%         1
 Summon Small Mammal      Summ           8%         N/A       19%         1
 Inner Flame              Hex/Fire       9%         N/A       22%         3
 Dazzling Flash           Conj/Hex       12%        N/A       32%         3
 Flame Wave               Conj/Fire      13%        2d6       41%         4
 Passage of Golubria      Tloc           2%         N/A       87%         4
 Agony                    Necr           2%         N/A       99%         5
 Silence                  Hex/Air        1%         N/A       99%         5
 Lehudib's Crystal Spear  Conj/Erth      3%         10d2      100%        8


Dungeon Overview and Level Annotations

Branches:
Dungeon (3/15)

Altars:
Gozag
Kikubaaqudgha
Qazlal
The Shining One

Annotations:
D:1 exclusion: gnoll
D:3 Natasha


Innate Abilities, Weirdness & Mutations

Your serpentine skin is tough. (AC +1)
You have supernaturally acute eyesight. (SInv)
Armour fits poorly on your strangely shaped body.
Your system is resistant to poisons. (rPois)
You cover ground very slowly.
You can spit poison.
You have a snake-like lower body.


Message History

Casting: Scorch (safe; 4% risk of failure)
Confirm with . or Enter, or press ? or * to list all spells.
You conjure some foxfire!
You kill Natasha!
Natasha yowls pathetically as she dies!
You have got your breath back.
Your foxfire dissipates! x2
You see here a +0 long sword.
There is a stone staircase leading up here.
You see here a +0 robe.
Found a robe.
Done exploring.
Done exploring.
Level map cleared.
You see here a +0 ring mail.
Things that are here:
a +0 short sword; a +0 club; a +0 ring mail
There is a stone staircase leading down here.
Natasha, Servant of Life and Death comes into view.
She is carrying a wand of quicksilver (9).
Natasha hisses angrily.
Natasha howls an incantation.
Natasha's front paws start to glow.
Natasha drinks a potion.
Natasha seems to grow stronger.
Aiming: Spit Poison (1% risk of failure)
Press: ? - help, Shift-Dir - straight line, f - Natasha
Aim: Natasha, carrying a wand of quicksilver (9) (strong, 50% to hit)
The splash of poison misses Natasha.
Natasha zaps a wand.
The bolt of dispelling energy hits you!!
Ouch! That really hurt!
You can't do that yet.
Unknown command.
You can't do that yet.
Unknown command.
Casting: Foxfire (safe; 4% risk of failure)
Confirm with . or Enter, or press ? or * to list all spells.
Flames lash Natasha.
Natasha is almost dead.
Natasha's fire resistance burns away.
Natasha zaps a wand.
The bolt of dispelling energy hits you!!
You die...

#.# **##### ###### #.#
******.....( .....# #.#
*,,,,,.##### .....###.#
*,****** .........#
*###**,* .....#####
*..,,,,* .....# *.#*****
##.##############h######
#...[.........>@......#
#.##########.....####.#
#.##### #.##### *,*
#.....# #.# *,* #.###.#
#.# ****,* #.# #.#
###.## **,,,,**********
#.# #.#
#....###...,,,,,,,,,,,,
#.###.##
#.#........,***********
#.##...###....###...**


You could see Natasha (strong, combustible).

Vanquished Creatures
  An orc priest (D:3)
  Natasha (twice) (D:3)
  4 adders
  2 worms (D:2)
  A dart slug (D:1)
  7 orcs (D:3)
  2 ball pythons
  5 endoplasms
  A giant cockroach (D:2)
  6 goblins
  6 hobgoblins
  3 kobolds
  3 quokkas
  3 bats
  6 frilled lizards
  5 rats
57 creatures vanquished.

Vanquished Creatures (others)
  75 foxfires
75 creatures vanquished.

Grand Total: 132 creatures vanquished

Notes
Turn   | Place    | Note
-------+----------+-------------------------------------------
     0 | D:1      | EvilAshe the Naga Fire Elementalist began the quest for the
                  | Orb.
     0 | D:1      | Reached XP level 1. HP: 15/15 MP: 3/3
   156 | D:1      | Reached XP level 2. HP: 22/22 MP: 1/5
   406 | D:1      | Learned a level 2 spell: Scorch
   914 | D:1      | Reached XP level 3. HP: 19/28 MP: 2/6
  1630 | D:2      | Reached XP level 4. HP: 36/36 MP: 3/7
  1828 | D:2      | Found a faded altar of an unknown god.
  2732 | D:3      | Found an ancient bone altar of Kikubaaqudgha.
  2732 | D:3      | Found an opulent altar of Gozag.
  2733 | D:3      | Found a glowing golden altar of the Shining One.
  3001 | D:3      | Found a stormy altar of Qazlal.
  3023 | D:3      | Noticed Natasha
  3028 | D:3      | Killed Natasha
  3029 | D:3      | Reached XP level 5. HP: 38/42 MP: 4/9
  3282 | D:3      | Reached skill level 4 in Fire Magic
  3759 | D:3      | Noticed Natasha
  3763 | D:3      | Killed Natasha
  3938 | D:3      | Noticed Natasha
  3940 | D:3      | Killed from afar by Natasha

Illustrated notes

Levels and vault maps discovered:
D:1:      saegor_arrival_simple_d, layout_rooms, hangedman_decor_growths
D:2:      layout_basic, basic_ecumenical_altar, minmay_tetromino_o4
D:3:      layout_loops_ring, gammafunk_temple_overflow_forgotten,
          marbit_many_paths, uniq_natasha

Skill      XL: |  1  2  3  4  5 |
---------------+----------------+-----
Dodging        | 2 |  2.5
Conjurations   | 2 |  2.3
Fire Magic     | 4 |  4.2
Stealth        | |  3.9
Spellcasting   | |  2.9

Action                   |  1- 3 |  4- 6 || total
-------------------------+-------+-------++-------
Melee: Unarmed           |     1 |     2 ||     3
       Staff             |       |     1 ||     1
 Cast: Foxfire           |    34 |    14 ||    48
       Scorch            |    18 |    24 ||    42
 Abil: Spit Poison       |     4 |     9 ||    13
 Stab: Sleeping          |       |     3 ||     3
Armor: Robe              |     2 |       ||     2
Dodge: Dodged            |    11 |    10 ||    21
